AoeStats
← 小桦

Arena

509559926Analyzed
4v4 RM · 5d ago on Sep 27, 2026· 30m 33s· 8 players
Game mode
Random Map
Map size
Large (8 player)
Population
200
Speed
Normal
Resources
Standard
Victory
Conquest
Starting age
Dark Age
Ending age
Imperial Age
RankedLock teamsTeams togetherTeam positionsShared explorationLock speedFull tech treeHidden civsTurbo modeCheats
Victory
Defeat
🇨🇳 Cumans · China
1437
+12
🇺🇸 Persians · United States
1368
+15
🇨🇳 Teutons · China
1245
+20
1231
+21
🇬🇷 Aztecs · Greece
1391
-19
🇮🇳 Turks · India
1356
-18
🇯🇵 Teutons · Japan
1332
-17
🇨🇳 Britons · China
1279
-14
nikhdy
11:14 Feudal Age
15:16 Castle Age
13:53 Double-Bit Axe
16:09 Stone Mining
17:42 Bow Saw
19:10 Gold Mining
22:53 Wheelbarrow
24:02 Loom
28:46 Imperial Age
30:06 Conscription
PeterWong1988
3:55 Loom
6:20 Loom
9:01 Feudal Age
13:31 Fletching
19:54 Horse Collar
21:41 Gold Mining
24:09 Double-Bit Axe
28:41 Castle Age
29:12 Pikeman
29:52 Squires
The_Lifetamer
10:13 Feudal Age
10:50 Horse Collar
16:01 Castle Age
16:01 Wheelbarrow
15:22 Double-Bit Axe
15:31 Loom
17:28 Bow Saw
18:23 Heavy Plow
23:05 Stone Mining
23:05 Gold Mining
24:42 Stone Shaft Mining
24:35 Scale Mail Armor
24:46 Forging
24:26 Fletching
25:33 Chain Mail Armor
25:34 Squires
25:20 Gambesons
25:21 Arson
24:57 Man-at-Arms
27:10 Long Swordsman
28:29 Hand Cart
28:00 Town Watch
29:42 Iron Casting
33:01 Imperial Age
老头
11:05 Feudal Age
15:06 Castle Age
12:54 Double-Bit Axe
13:30 Horse Collar
15:23 Stone Mining
17:13 Bow Saw
18:04 Heavy Plow
22:22 Scale Barding Armor
22:26 Fletching
23:10 Padded Archer Armor
23:24 Gold Mining
24:18 Bodkin Arrow
26:36 Loom
28:52 Wheelbarrow
插标卖首之徒
9:57 Feudal Age
13:36 Castle Age
11:47 Double-Bit Axe
14:34 Bow Saw
18:54 Wheelbarrow
22:18 Gold Mining
22:58 Loom
25:55 Imperial Age
24:07 Scale Barding Armor
24:27 Hand Cart
24:00 Town Watch
26:16 Bloodlines
26:07 Husbandry
26:44 Chain Barding Armor
26:35 Forging
26:45 Town Patrol
26:28 Cavalier
27:07 Horse Collar
27:58 Conscription
28:55 Hoardings
29:36 Iron Casting
29:53 Plate Barding Armor
30:37 Heavy Plow
无花果
6:26 Loom
9:24 Feudal Age
10:48 Fletching
13:14 Double-Bit Axe
14:50 Horse Collar
24:32 Castle Age
23:09 Stone Mining
23:12 Gold Mining
25:27 Bow Saw
25:18 Heavy Plow
25:18 Bodkin Arrow
31:52 Imperial Age
小桦
8:07 Feudal Age
8:55 Double-Bit Axe
8:53 Horse Collar
12:52 Loom
16:22 Wheelbarrow
20:19 Castle Age
18:12 Loom
18:58 Scale Barding Armor
19:08 Bloodlines
19:53 Forging
20:30 Gold Mining
20:40 Capped Ram
22:33 Hand Cart
22:30 Bow Saw
22:00 Capped Ram
30:39 Chain Barding Armor
30:54 Iron Casting
30:57 Heavy Plow
31:33 Gold Shaft Mining
30:48 Stone Mining
30:46 Town Watch
传奇耐电王汤恩伯
10:16 Feudal Age
14:38 Castle Age
13:00 Double-Bit Axe
15:52 Coinage
19:59 Horse Collar
24:38 Loom
Connection lost

Rejoining the realm…

Still unreachable

The connection could not be restored.

Session expired

The server has moved on; the page needs a fresh start.